 Dungeon Crawl Stone Soup version 0.29.0-3-gbb0933ed62 (webtiles) character file.

Game seed: 17598034968886513020

77 NinjaNoafa the Magician (level 4, 33/33 HPs)
             Began as a Djinni Hedge Wizard on Aug 25, 2022.
             Quit the game on level 3 of the Dungeon.
             The game lasted 00:08:56 (3050 turns).

NinjaNoafa the Magician (Djinni Hedge Wizard)       Turns: 3050, Time: 00:08:56

Health: 33/33      AC:  6    Str:  9    XL:     4   Next: 58%
Gold:   67         EV: 12    Int: 17    God:
                   SH:  0    Dex: 13

rFire   + + .      SeeInvis .   s - +3 whip (holy)
rCold   x . .      Faith    .   (no shield)
rNeg    . . .      Spirit   .   b - +0 robe
rPois   ∞          Reflect  .   q - +0 helmet
rElec   .          Harm     .   (no cloak)
rCorr   .          Rampage  .   e - +2 pair of gloves
Will    .....                   (boots unavailable)
Stlth   ++........              (no amulet)
HPRegen 0.11/turn               (no ring)
MPRegen 0.00/turn               (no ring)

@: flying
A: sickness immunity, fire resistance 2, cold vulnerability 1, float, innate
caster, HP casting, extra vitality 1
a: no special abilities


You were on level 3 of the Dungeon.
You visited 1 branch of the dungeon, and saw 3 of its levels.

You collected 67 gold pieces.

Inventory:

Hand Weapons
 a - the +10 arbalest "Ohapux" {flame, rElec rN+ MP-9 Dex+3}
   (You found it on level 3 of the Dungeon)

   Any ammunition fired from it burns those it strikes, dealing additional fire
   damage.
   Dex:       It affects your dexterity (+3).
   rElec:     It insulates you from electricity.
   rN:        It protects you from negative energy.
   MP:        It affects your magic capacity (-9).
 s - a +3 whip of holy wrath (weapon)
Missiles
 f - 16 stones
 g - 2 javelins
Armour
 b - a +0 robe (worn)
 e - a +2 pair of gloves (worn)
 j - a +0 kite shield
 q - a +0 helmet (worn)
Scrolls
 d - a scroll of acquirement {unknown}
 h - a scroll of poison {unknown}
 i - a scroll of butterflies {unknown}
 m - a scroll of fear {unknown}
 n - a scroll of amnesia {unknown}
 o - 2 scrolls of teleportation {unknown}
 r - 2 scrolls of silence {unknown}
Potions
 k - 2 potions of curing {unknown}
 l - a potion of ambrosia {unknown}
 p - a potion of brilliance {unknown}


   Skills:
 - Level 2.0 Fighting
 - Level 2.1 Dodging
 - Level 1.5 Stealth
 + Level 3.5 Spellcasting


You couldn't memorise any spells.
You knew the following spells:

 Your Spells              Type           Power      Damage    Failure   Level
a - Magic Dart            Conj           56%        1d5       4%          1
b - Blink                 Tloc           28%        N/A       6%          2
c - Call Imp              Summ           14%        N/A       6%          2
d - Slow                  Hex            56%        N/A       4%          1
e - Conjure Flame         Conj/Fire      14%        6-21      12%         3
f - Mephitic Cloud        Conj/Pois/Air  14%        N/A       12%         3
g - Beastly Appendage     Tmut           28%        N/A       4%          1
Your spell library was empty.

Dungeon Overview and Level Annotations

Branches:
Dungeon (3/15)

Altars:
Yredelemnul

Shops:
D:2 :


Innate Abilities, Weirdness & Mutations

You are immune to sickness and miasma.
You are immune to poison.
Your flesh is very heat resistant. (rF++)
You are vulnerable to cold. (rC-)
You float through the air rather than walking.
You learn spells naturally, not from books.
Your magical power is your life essence.
You have superior vitality. (+4 MHP)


Message History

The ball python is heavily wounded.
A ball python is nearby!
Casting: Magic Dart (safe; 4% risk of failure)
Confirm with . or Enter, or press ? or * to list all spells.
Aiming: Magic Dart (safe; 4% risk of failure)
Press: ? - help, Shift-Dir - straight line, f/p - ball python
Aim: a ball python (heavily wounded, 100% to hit)
The magic dart hits the ball python.
You kill the ball python!
You see here a ball python corpse.
Found a stone staircase leading up.
You now have 67 gold pieces (gained 12).
You see here a ball python corpse.
There is an open door here.
You see here a +0 chain mail.
Done exploring.
(D) Dungeon
Where to? (? - help)
There is a stone staircase leading down here.
You fly downwards.
Found a robe.
There is a stone staircase leading up here.
You sense Yredelemnul urging you to kill the trapped human.
f - 16 stones (gained 4)
Found a runed translucent door.
A goblin zombie comes into view.
Found a crude arbalest.
Found a basalt altar of Yredelemnul.
You hit the goblin zombie.
The goblin zombie convulses!
You destroy the goblin zombie!
You see here the +10 arbalest "Ohapux" {flame, rElec rN+ MP-9 Dex+3}.
a - the +10 arbalest "Ohapux" {flame, rElec rN+ MP-9 Dex+3} As you open the door, it creaks loudly!
Press: ? - help, v - describe, . - travel
Here: a human (wandering, indifferent)
An open translucent door.
The human refuses to make way for you. (Use ctrl+direction or * direction to attack.)
There is an open translucent door here.
The human refuses to make way for you. (Use ctrl+direction or * direction to attack.) Are you sure you want to abandon this character and quit the game? (Confirm with "yes".)

#.#.#........####......#.#
#...............#.##..##.#####
##.#..<....###.#.##.........#
............# #.#.##..######.#
###.#.......# #.......# #.# #
####.#### ######.## #.# #.###
#######.# ###.# #...#
#.......# #...# #####
#.@.....#####.#.#
#####..............#
#...#.###.######.###
#._.#p'.#.# #.# #...#.###.#
#.# #####.....# #.# #......#
#.# #......# #.# #..##### #.#


You could see a neutral human (wandering).

Vanquished Creatures
  A dart slug (D:1)
  7 ball pythons
  5 endoplasms
  3 giant cockroaches (D:1)
  3 goblins (D:2)
  2 hobgoblins (D:2)
  2 jackals (D:2)
  3 quokkas
  2 bats (D:1)
  A frilled lizard (D:2)
  A goblin zombie (D:3)
  2 kobolds (D:1)
  4 rats
36 creatures vanquished.

Vanquished Creatures (collateral kills)
  3 gnolls (D:2)
  A jackal (D:2)
  A kobold (D:2)
  A quokka (D:2)
  A bat (D:2)
7 creatures vanquished.

Grand Total: 43 creatures vanquished

Notes
Turn   | Place    | Note
-------+----------+-------------------------------------------
     0 | D:1      | NinjaNoafa the Djinni Hedge Wizard began the quest for the
                  | Orb.
     0 | D:1      | NinjaNoafa set off with the following spells memorised:
                  | Magic Dart, Blink, Call Imp, Slow, Conjure Flame, Mephitic
                  | Cloud.
     0 | D:1      | Reached XP level 1. HP: 15/15 MP: 0/0
    57 | D:1      | Reached skill level 1 in Fighting
   312 | D:1      | Reached XP level 2. HP: 10/22 MP: 0/0
  1122 | D:1      | Reached XP level 3. HP: 26/28 MP: 0/0
  1122 | D:1      | Learned a level 1 spell: Beastly Appendage
  1292 | D:1      | You are sucked into a shaft and drop 1 floor!
  1976 | D:2      | Reached skill level 3 in Spellcasting
  2200 | D:2      | Reached XP level 4. HP: 9/33 MP: 0/0
  2541 | D:2      | Found Motrib's Book Emporium.
  3000 | D:3      | Noticed a human
  3022 | D:3      | Found a runed translucent door.
  3026 | D:3      | Found a basalt altar of Yredelemnul.
  3035 | D:3      | Identified the +10 arbalest "Ohapux" {flame, rElec rN+ MP-9
                  | Dex+3}
  3050 | D:3      | Quit the game

Illustrated notes

Levels and vault maps discovered:
D:1:      roderic_dead_forest, layout_rooms, chequers_ecumenical_altar_island,
          grunt_decor_fettered
D:2:      layout_basic, serial_shops, shop, minmay_pentomino_pile
D:3:      layout_loops_ring, dk_yredelemnul_ordeal, uniq_jessica

Skill      XL: |  1  2  3 |
---------------+----------+-----
Fighting       | 1 2 |  2.0
Spellcasting   | 3 |  3.5
Dodging        | |  2.1
Stealth        | |  1.5

Action                   |  1- 3 |  4- 6 || total
-------------------------+-------+-------++-------
Melee: Dagger            |    48 |       ||    48
       Headbutt          |     8 |       ||     8
       Whip              |       |     1 ||     1
Throw: Javelin           |     5 |       ||     5
 Cast: Magic Dart        |    61 |     5 ||    66
       Slow              |     3 |     5 ||     8
       Beastly Appendage |     7 |       ||     7
       Call Imp          |     6 |     3 ||     9
       Blink             |     1 |       ||     1
 Stab: Sleeping          |     2 |       ||     2
Armor: Robe              |    23 |       ||    23
Dodge: Dodged            |    60 |     1 ||    61
